Map: Orbital Shipyard

Players

Grumm

  • Race: Protoss Protoss
  • League: Gold

A.I. 1 (Very Hard) - Winner!

  • Race: Terran Terran

VOD

Have the link to the VOD?

Description

Time

  • Played on: Feb. 16, 2016, 3:03 a.m.
  • Length: 17:52
Show
View Real Time Build Order
Export as new Build Order

Grumm Protoss 

Build Orders:  

Get SALT Encoding   

  12  0:02  Probe (Chrono Boost)  
  13  0:13  Probe (Chrono Boost)  
  14  0:19  Pylon  
  14  0:23  Probe (Chrono Boost)  
  15  0:38  Probe (Chrono Boost)  
  16  0:45  Gateway  
  16  0:49  Forge  
  16  0:54  Probe (Chrono Boost)  
  17  1:04  Assimilator, Probe (Chrono Boost)  
  18  1:25  Gateway  
  18  1:27  Pylon  
  18  1:33  Cybernetics Core  
  18  1:38  Probe (Chrono Boost)  
  19  1:40  Zealot  
  21  1:48  Assimilator, Probe (Chrono Boost)  
  22  2:09  Warp Gate (Chrono Boost)  
  22  2:18  Nexus  
  22  2:26  Probe  
  23  2:36  Protoss Ground Weapons Level 1  
  23  2:40  Probe  
  23  2:52  Adept  
  23  2:53  Adept  
  23  2:54  Probe  
  28  2:59  Assimilator  
  28  3:04  Assimilator  
  28  3:07  Probe  
  29  3:19  Probe  
  30  3:22  Pylon  
  30  3:29  Probe  
  30  3:31  Probe  
  32  3:39  Probe  
  33  3:43  Probe  
  34  3:50  Probe  
  34  3:51  Robotics Facility  
  34  3:55  Probe  
  36  4:01  Stalker  
  36  4:02  Stalker  
  40  4:04  Probe  
  40  4:07  Probe  
  42  4:15  Probe  
  43  4:19  Probe  
  43  4:21  Gateway  
  44  4:24  Pylon  
  44  4:25  Probe  
  45  4:31  Probe  
  45  4:36  Probe  
  47  4:43  Probe  
  48  4:46  Probe  
  43  4:55  Probe  
  43  4:58  Stalker x2  
  48  5:00  Immortal  
  48  5:01  Probe  
  49  5:08  Probe  
  50  5:20  Stargate  
  50  5:21  Twilight Council  
  50  5:23  Pylon  
  50  5:25  Gateway  
  50  5:26  Probe  
  50  5:27  Probe  
  52  5:29  Protoss Ground Armor Level 1  
  52  5:31  Stalker  
  52  5:33  Adept  
  56  5:36  Probe  
  56  5:39  Probe  
  58  6:01  Nexus  
  58  6:02  Pylon  
  58  6:11  Stalker x3  
  60  6:13  Pylon  
  60  6:15  Observer  
  65  6:29  Pylon  
  65  6:36  Stalker  
  65  6:37  Zealot x2  
  71  6:45  Probe  
  71  6:46  Probe  
  73  6:52  Void Ray  
  77  6:55  Probe  
  77  6:58  Probe  
  77  7:00  Blink  
  79  7:02  Stalker  
  79  7:03  Zealot  
  79  7:04  Stalker x2  
  79  7:06  Probe  
  88  7:10  Assimilator, Probe  
  88  7:11  Probe  
  90  7:16  Assimilator, Probe  
  90  7:21  Pylon  
  90  7:22  Probe x2  
  92  7:27  Probe  
  92  7:29  Photon Cannon  
  94  7:30  Immortal  
  94  7:33  Adept  
  94  7:35  Zealot  
  102  7:41  Protoss Ground Armor Level 2  
  102  7:45  Void Ray  
  106  7:59  Probe x2  
  106  8:00  Probe  
  109  8:10  Gateway, Probe x2  
  109  8:12  Probe, Gateway  
  111  8:14  Gateway  
  111  8:15  Pylon  
  111  8:18  Gateway  
  112  8:20  Forge, Probe  
  112  8:21  Mothership Core, Pylon  
  115  8:28  Twilight Council  
  115  8:32  Probe  
  115  8:34  Probe, Photon Cannon  
  116  8:40  Probe  
  117  8:41  Stalker  
  117  8:42  Stalker  
  117  8:43  Stalker  
  117  8:46  Stalker, Probe  
  127  9:00  Protoss Shields Level 1  
  127  9:04  Immortal  
  127  9:05  Charge  
  131  9:32  Nexus  
  131  9:36  Pylon  
  131  9:39  Pylon  
  131  9:43  Pylon, Stalker  
  133  9:54  Void Ray  
  133  9:58  Observer  
  138  10:08  Assimilator  
  138  10:10  Assimilator  
  138  10:14  Stargate  
  138  10:15  Robotics Facility  
  138  10:19  Robotics Bay  
  138  10:26  Gateway  
  138  10:29  Gateway  
  138  10:32  Gateway  
  138  10:37  Photon Cannon  
  138  10:41  Photon Cannon  
  138  11:10  Colossus x2  
  150  11:14  Void Ray x2  
  158  11:18  Zealot x3  
  158  11:19  Zealot x4  
  128  12:19  Void Ray  
  128  12:20  Colossus  
  128  12:22  Extended Thermal Lance  
  138  12:26  Stalker x5  
  138  12:27  Stalker x4  
  156  12:36  Observer  
  157  12:37  Resonating Glaives  
  157  12:41  Protoss Shields Level 2, Protoss Air Weapons Level 1 (Chrono Boost)  
  157  12:42  Protoss Ground Weapons Level 2  
  157  13:28  Nexus  
  149  13:54  Stalker  
  149  13:55  Stalker x3  
  123  13:56  Stalker x5  
  123  13:57  Stalker x2  
  145  14:14  Colossus x2  
  149  14:25  Pylon  
  149  14:28  Pylon  
  149  14:31  Zealot x4  
  151  14:32  Zealot x6  
  151  14:33  Zealot  
  171  14:45  Photon Cannon  
  171  14:47  Photon Cannon  
  171  14:51  Photon Cannon  
  165  15:06  Zealot x2  
  137  15:07  Colossus, Zealot x5  
  137  15:08  Zealot x2, Immortal  
  137  15:09  Stalker x2  
  113  15:33  Zealot x2  
  113  15:34  Stalker x3  
  103  15:35  Stalker  
  103  15:36  Stalker x4  
  101  15:48  Pylon  
  74  16:12  Void Ray, Immortal x2  
  74  16:13  Void Ray  
  74  16:14  Zealot  
  74  16:15  Stalker x3  
  74  16:16  Zealot x2  
  74  16:17  Zealot x2  
  74  16:18  Zealot x3  
  109  16:21  Mothership Core  
  76  17:00  Void Ray  
  84  17:02  Immortal  
  84  17:24  Stalker  
  84  17:25  Stalker x5  
Show
View Real Time Build Order
Export as new Build Order

A.I. 1 (Very Hard) Terran - Winner!

Build Orders: MMM Bio 

Get SALT Encoding   

  12  0:00  SCV  
  13  0:13  SCV  
  14  0:19  Supply Depot  
  14  0:25  SCV  
  15  0:29  Refinery  
  15  0:41  SCV  
  16  0:47  Barracks  
  16  0:53  SCV  
  17  1:05  SCV  
  18  1:17  SCV  
  19  1:36  Orbital Command, Supply Depot  
  19  1:37  Marine  
  20  1:41  Factory  
  20  1:51  Barracks  
  20  1:54  Marine  
  21  2:02  SCV  
  21  2:05  Refinery  
  22  2:12  Marine  
  22  2:14  SCV  
  24  2:20  Supply Depot  
  24  2:25  Factory Tech Lab  
  24  2:26  SCV  
  25  2:30  Marine  
  26  2:38  Marine  
  27  2:46  Siege Tank, SCV  
  27  2:49  Marine  
  32  2:56  Marine  
  33  3:00  SCV  
  33  3:01  Supply Depot  
  34  3:06  Marine  
  35  3:14  Marine  
  35  3:18  SCV  
  37  3:22  Siege Tank  
  37  3:24  Marine  
  41  3:32  Supply Depot, Marine  
  42  3:35  SCV  
  43  3:48  SCV  
  44  3:57  Command Center  
  44  4:00  Barracks Tech Lab, SCV  
  45  4:02  Barracks Tech Lab  
  45  4:12  Supply Depot, SCV  
  46  4:18  Marine  
  46  4:20  Marine  
  49  4:24  SCV  
  49  4:28  Stimpack  
  49  4:36  Marauder, Barracks  
  51  4:39  Marauder  
  53  4:58  Marauder, Siege Tank  
  56  5:00  Marine  
  55  5:10  SCV  
  55  5:12  SCV  
  57  5:18  Marauder  
  59  5:22  SCV  
  59  5:23  Barracks Reactor  
  59  5:24  SCV  
  61  5:30  Marauder  
  61  5:34  SCV  
  64  5:36  SCV  
  64  5:39  Marauder  
  67  5:46  SCV  
  67  5:48  SCV  
  69  5:51  Marauder  
  69  5:52  Supply Depot  
  71  5:58  SCV  
  71  5:59  Siege Tank  
  71  6:01  Marauder, SCV  
  78  6:09  Combat Shields  
  78  6:14  Marauder, SCV  
  78  6:17  Supply Depot  
  78  6:18  SCV  
  82  6:23  Marauder  
  83  6:26  SCV  
  83  6:28  Concussive Shells  
  83  6:29  Engineering Bay  
  83  6:30  SCV  
  85  6:38  SCV  
  86  6:41  Supply Depot  
  86  6:42  SCV  
  87  6:50  SCV  
  88  6:54  SCV  
  88  6:56  Terran Infantry Weapons Level 1  
  88  6:57  Refinery  
  89  7:02  Engineering Bay, SCV  
  89  7:04  Missile Turret  
  89  7:07  Orbital Command, Missile Turret  
  90  7:15  Command Center  
  90  7:20  SCV  
  91  7:25  Supply Depot  
  91  7:28  Terran Infantry Armor Level 1  
  91  7:30  Barracks  
  91  7:37  Starport  
  91  7:41  Marine  
  91  7:42  Marine  
  93  7:51  Siege Tank  
  96  7:57  Supply Depot  
  96  7:59  Marauder  
  96  8:03  Marauder  
  100  8:10  Missile Turret  
  100  8:15  Medivac  
  102  8:22  Supply Depot, Widow Mine  
  102  8:24  Refinery  
  104  8:27  SCV  
  104  8:28  SCV x2  
  107  8:39  SCV  
  108  8:41  Missile Turret, SCV  
  108  8:42  SCV  
  108  8:45  Starport Reactor  
  110  8:49  Missile Turret  
  110  8:51  Widow Mine, SCV  
  110  8:53  Orbital Command  
  110  8:54  SCV  
  114  9:04  SCV  
  114  9:06  SCV  
  114  9:08  Supply Depot  
  116  9:10  Missile Turret  
  116  9:16  SCV  
  117  9:18  SCV  
  117  9:19  Widow Mine  
  117  9:20  SCV  
  117  9:21  Medivac x2  
  125  9:24  Factory  
  125  9:28  SCV  
  125  9:29  Armory  
  126  9:33  Command Center  
  126  9:43  Supply Depot  
  126  9:44  SCV  
  127  9:45  SCV  
  127  9:47  SCV  
  127  9:49  Siege Tank  
  127  9:50  Missile Turret  
  132  10:04  Refinery  
  132  10:07  Widow Mine  
  132  10:10  Armory  
  132  10:12  Refinery  
  134  10:16  Terran Vehicle Weapons Level 1, Terran Infantry Weapons Level 2  
  134  10:21  Starport  
  133  10:25  SCV  
  133  10:27  Hi-Sec Auto Tracking  
  134  10:29  Marine  
  134  10:30  Marine  
  134  10:32  Marine  
  134  10:34  Supply Depot, SCV x2  
  139  10:37  Factory Tech Lab  
  139  10:38  SCV  
  139  10:39  Marine  
  139  10:40  Marine  
  142  10:45  Missile Turret  
  142  10:46  Missile Turret, SCV x2  
  142  10:47  Marine, SCV  
  146  10:50  SCV  
  146  10:56  Refinery  
  147  10:57  Medivac  
  147  10:58  Terran Vehicle And Ship Armor Level 1, Missile Turret, SCV, Starport Tech Lab  
  147  11:00  Missile Turret, Planetary Fortress  
  150  11:04  Barracks Tech Lab, Barracks  
  150  11:08  Command Center  
  150  11:13  Cyclone  
  150  11:18  Raven  
  155  11:19  High Capacity Fuel Tanks  
  155  11:21  Marine  
  155  11:23  Refinery  
  155  11:24  Marine  
  157  11:26  Supply Depot  
  157  11:32  Marauder, Viking x2  
  163  11:34  SCV  
  163  11:39  Marauder  
  163  11:42  Marauder  
  163  11:44  Marine x2  
  141  11:51  Marine  
  141  11:53  Marauder  
  108  11:56  Siege Tank  
  108  12:01  Marauder, Marine, Viking  
  109  12:02  Medivac, Viking, Marine, Siege Tank  
  109  12:04  Marauder  
  120  12:08  Marine  
  120  12:14  Marine  
  122  12:19  Marine, SCV  
  122  12:20  Marine  
  122  12:22  Marauder, Refinery  
  126  12:25  Marauder  
  126  12:26  Marine  
  126  12:28  Widow Mine  
  131  12:30  Planetary Fortress  
  131  12:31  Viking  
  131  12:32  Viking x2  
  131  12:33  Marauder  
  131  12:34  Siege Tank  
  142  12:37  Marine  
  142  12:39  Missile Turret  
  142  12:43  Marauder  
  145  12:47  Marauder  
  145  12:49  Missile Turret  
  147  12:51  Marine  
  147  12:54  Marauder  
  147  12:57  Siege Tank  
  153  12:58  Terran Infantry Weapons Level 3  
  153  13:01  Viking  
  153  13:02  Viking x2  
  153  13:05  Marauder  
  161  13:06  Siege Tank  
  161  13:08  Marauder  
  161  13:12  SCV  
  166  13:15  Marauder  
  168  13:26  Marauder  
  170  13:28  Widow Mine  
  170  13:29  Marauder  
  170  13:31  Viking  
  170  13:32  Viking  
  170  13:33  Terran Ship Weapons Level 1  
  178  13:37  Marauder  
  178  13:38  Widow Mine  
  178  13:39  Marine  
  178  13:40  SCV x2  
  178  13:41  Building Armor  
  182  13:45  Medivac  
  182  13:48  Marauder, Marine, SCV  
  171  13:49  Marine  
  171  13:51  Marauder  
  171  13:52  Command Center  
  159  13:57  Marine x2  
  159  13:58  Siege Tank  
  159  14:01  Viking  
  166  14:04  Missile Turret  
  166  14:06  Marine  
  166  14:07  Marine, Siege Tank  
  166  14:09  Marauder  
  173  14:10  Liberator  
  173  14:12  Marine  
  173  14:15  Marine  
  173  14:16  Marine  
  176  14:18  Liberator  
  176  14:24  Marine  
  176  14:26  Marine  
  176  14:29  Widow Mine  
  176  14:30  Raven, Marine  
  186  14:32  Marine  
  186  14:33  Marine  
  186  14:34  Marine  
  192  14:39  Cyclone  
  192  14:42  Marine  
  196  14:48  Refinery  
  195  14:52  Missile Turret  
  195  14:53  Marauder, SCV  
  195  14:55  Missile Turret  
  195  14:58  Widow Mine  
  195  14:59  Marauder x2  
  198  15:01  Marine x2  
  198  15:02  Marine  
  198  15:04  Planetary Fortress  
  170  15:10  Viking  
  170  15:11  Cyclone  
  154  15:15  Marauder  
  154  15:17  Viking  
  154  15:18  Viking, Marine  
  154  15:20  Marauder x2, Marine  
  154  15:21  Missile Turret  
  164  15:27  Siege Tank  
  150  15:29  SCV  
  150  15:35  Marine  
  145  15:36  Marauder  
  145  15:37  Marine  
  145  15:38  Marine  
  145  15:40  Viking  
  145  15:41  Marauder  
  145  15:42  Marauder  
  152  15:43  Missile Turret  
  152  15:46  Siege Tank  
  152  15:47  Viking  
  155  15:53  Marine  
  155  15:54  Marine  
  155  15:56  Marine  
  156  15:57  Marauder  
  156  15:59  Widow Mine  
  156  16:02  Marine  
  156  16:03  Marauder  
  159  16:09  Raven  
  159  16:11  Marine  
  162  16:12  Marine  
  162  16:18  Marine, Siege Tank  
  166  16:19  Marine  
  166  16:21  Marauder  
  166  16:24  Marauder  
  172  16:27  Widow Mine  
  172  16:28  Ghost Academy, Marine  
  172  16:30  Marine  
  176  16:34  Liberator  
  176  16:35  Command Center  
  176  16:36  Marine  
  176  16:37  Marauder  
  166  16:41  Marine  
  166  16:44  Viking  
  166  16:48  Marine  
  166  16:49  Widow Mine  
  166  16:52  Marine x2  
  172  16:57  Marine, Siege Tank  
  172  17:00  Marauder  
  172  17:01  Marine  
  177  17:06  Medivac, Marine  
  180  17:09  Ghost  
  180  17:10  Marine  
  180  17:14  Medivac  
  185  17:16  Marauder  
  185  17:18  Marine  
  185  17:19  Siege Tank  
  185  17:20  Ghost  
  193  17:24  Marine  
Tags
 
Composition
MMM Bio
League
Gold
Matchup
PvT
Replay Pack
sc2 replays 2016
Add a new tag
Caveats
  • Supply blocks, unpowered buildings, or Contaminate may cause inaccurate times.
  • Supply counts are checked every 10 seconds.